 Dungeon Sprint DCSS version 0.23-a0-814-g91b4073 (webtiles) character file.

5754 Lanoc the Carver (level 10, 0/89 HPs)
             Began as a Demonspawn Monk on Jan 21, 2019.
             Was the Champion of Cheibriados.
             Slain by a catoblepas (10 damage)
             ... in the Dungeon (Sprint IX: "|||||||||||||||||||||||||||||").
             The game lasted 00:03:49 (1379 turns).

Lanoc the Carver (Demonspawn Monk)                  Turns: 1379, Time: 00:03:50

Health: 0/89       AC: 16    Str: 37    XL:     10   Next: 49%
Magic:  10/10      EV:  2    Int: 27    God:    Cheibriados [******]
Gold:   19         SH:  0    Dex: 31    Spells: 9/9 levels left

rFire    + + .     SeeInvis .   n - +2 rapier "Qegiffut" {elec, rF++ rN+ Str+5}
rCold    . . .     Gourm    .   (no shield)
rNeg     + + +     Faith    .   p - +1 chain mail
rPois    ∞         Spirit   .   (helmet restricted)
rElec    .         Reflect  .   (no cloak)
rCorr    .         Harm     .   o - +0 pair of gloves
MR       .....     NoTele   +   (no boots)
Stlth    ..........             (no amulet)
HPRegen  0.24/turn              q - +2 ring of protection
MPRegen  0.12/turn              r - +3 ring of strength

@: petrified, very slow
A: antennae 2, large bone plates 2, spiny 2
a: Bend Time, Temporal Distortion, Slouch, Step From Time, Renounce Religion


You were in the Dungeon.
You worshipped Cheibriados.
Cheibriados was exalted by your worship.
You were not hungry.

You visited 1 branch You collected 19 gold pieces.

Inventory:

Hand Weapons
 a - a +0 falchion
 n - the +2 rapier "Qegiffut" (weapon) {elec, rF++ rN+ Str+5}
   (You found it in the Dungeon)

   Occasionally, upon striking a foe, it will discharge some electrical energy
   and cause terrible harm.
   It affects your strength (+5).
   It greatly protects you from fire.
   It protects you from negative energy.
Armour
 o - a +0 pair of gloves (worn)
 p - a +1 chain mail (worn)
Jewellery
 q - a +2 ring of protection (left hand)
 r - a +3 ring of strength (right hand)
Wands
 m - a wand of iceblast (10)
Scrolls
 i - 3 scrolls of blinking
 k - 5 scrolls of remove curse
 l - 2 scrolls of amnesia
 v - 2 scrolls of enchant weapon
Potions
 b - a potion of resistance
 d - 2 potions of curing
 g - 4 potions of magic
 h - 3 potions of brilliance
 j - a potion of invisibility
 s - a potion of agility
 t - a potion of might
Comestibles
 c - a ration


   Skills:
 + Level 11.7 Fighting
 * Level 14.4 Long Blades
 + Level 10.4 Armour
 + Level 10.8 Dodging
 - Level 1.7 Stealth


You had 9 spell levels left.
You didn't know any spells.
Your spell library was empty.

Dungeon Overview and Level Annotations

Branches:
Dungeon (1/1)

Altars:
Cheibriados
Dithmenos
Elyvilon
Fedhas
Gozag
Hepliaklqana
Kikubaaqudgha
Makhleb
Nemelex Xobeh
Okawaru
Qazlal
Ru
Sif Muna
Trog
Uskayaw
Vehumet
Wu Jian
Xom
Yredelemnul
Zin
The Shining One
Beogh
Jiyva
Lugonu


Innate Abilities, Weirdness & Mutations

You have a pair of antennae on your head.
You are mostly covered in large bone plates. (SH +6)
You are mostly covered in sharp spines.


Message History

* * * LOW HITPOINT WARNING * * *
The yak is engulfed in calcifying dust.
The yak is moving more slowly.
The yak is engulfed in calcifying dust.
The yak stops moving altogether!
The yak is engulfed in calcifying dust. x2
The yak is engulfed in calcifying dust. x2
The catoblepas breathes a plume of calcifying dust at you.
The blast of calcifying dust hits the yak!
The blast of calcifying dust hits you but does no damage.
The catoblepas breathes a plume of calcifying dust at you.
The blast of calcifying dust hits you but does no damage.
You are engulfed in calcifying dust.
You are slowing down.
Your limbs are stiffening.
There is an open door, spattered with blood here.
As you read the scroll of fear, it crumbles to dust.
You assume a fearsome visage.
Nothing appears to happen.
You are engulfed in calcifying dust.
Your limbs have turned to stone.
You have turned to stone.
You are engulfed in calcifying dust.
The catoblepas gores you!!
You die... {{{{ {{{{{{{{{{{{ {{{{{{{{{{{{

{{
▓▓▓▓▓▓▓▓▓▓▓▓▓▓▓▓▓▓▓▓▓▓▓▓▓▓▓▓▓▓▓▓▓
YYYYYYY..Y..Y§§Y@§§÷......'......
▓▓▓▓▓▓▓▓▓▓▓▓▓▓▓▓▓▓▓▓▓▓▓▓▓▓▓▓▓▓▓▓▓
.................................
▓▓▓▓▓▓▓▓▓▓▓▓▓▓▓▓▓▓▓▓▓▓▓▓▓▓▓▓▓▓▓▓▓
.[)|..'________________________'.
▓▓▓▓▓▓▓▓▓▓▓▓▓▓▓▓▓▓▓▓▓▓▓▓▓▓▓▓▓▓▓▓▓


You could see a catoblepas.

Vanquished Creatures
  A hydra (D)
  A centaur warrior (D)
  A catoblepas (D)
  A death yak (D)
  A spiny frog (D)
  4 komodo dragons (D)
  A hornet (D)
  2 hippogriffs (D)
  A yak (D)
  A wyvern (D)
  3 porcupines (D)
  An orc warrior (D)
  A phantom (D)
  4 bullfrogs (D)
  A killer bee (D)
  A wight (D)
  A howler monkey (D)
  A crimson imp (D)
  A jelly (D)
  A hound (D)
  A worker ant (D)
  An adder (D)
  An adder skeleton (D)
  3 leopard geckos (D)
  3 orcs (D)
  A bat (D)
  2 goblins (D)
41 creatures vanquished.

Notes
Turn   | Place    | Note
-------+----------+-------------------------------------------
     0 | D        | Lanoc the Demonspawn Monk began the quest for the Orb.
     0 | D        | Reached XP level 1. HP: 18/18 MP: 1/1
     7 | D        | Reached skill level 3 in Long Blades
    13 | D        | Reached skill level 1 in Armour
    17 | D        | Gained mutation: You are partially covered in large bone
                  | plates. (SH +4) [demonic ancestry]
    17 | D        | Reached XP level 2. HP: 9/24 MP: 2/2
   206 | D        | Reached skill level 4 in Long Blades
   206 | D        | Gained mutation: You have a pair of small antennae on your
                  | head. [demonic ancestry]
   206 | D        | Reached XP level 3. HP: 30/30 MP: 3/3
   224 | D        | Found a roughly hewn altar of Beogh.
   224 | D        | Found a snail-covered altar of Cheibriados.
   224 | D        | Found a shadowy altar of Dithmenos.
   224 | D        | Found a white marble altar of Elyvilon.
   224 | D        | Found a blossoming altar of Fedhas.
   224 | D        | Found an opulent altar of Gozag.
   225 | D        | Found a hazy altar of Hepliaklqana.
   226 | D        | Found a viscous altar of Jiyva.
   227 | D        | Found an ancient bone altar of Kikubaaqudgha.
   228 | D        | Became a worshipper of Cheibriados the Contemplative
   228 | D        | Reached * piety under Cheibriados
   228 | D        | Reached ** piety under Cheibriados
   229 | D        | Found a corrupted altar of Lugonu.
   230 | D        | Found a burning altar of Makhleb.
   231 | D        | Found a sparkling altar of Nemelex Xobeh.
   232 | D        | Found an iron altar of Okawaru.
   233 | D        | Found a stormy altar of Qazlal.
   234 | D        | Found a sacrificial altar of Ru.
   235 | D        | Found a deep blue altar of Sif Muna.
   236 | D        | Found a bloodstained altar of Trog.
   237 | D        | Found a hide-covered altar of Uskayaw.
   238 | D        | Found a radiant altar of Vehumet.
   239 | D        | Found an ornate altar of the Wu Jian Council.
   240 | D        | Found a shimmering altar of Xom.
   241 | D        | Found a basalt altar of Yredelemnul.
   242 | D        | Found a glowing silver altar of Zin.
   243 | D        | Found a glowing golden altar of the Shining One.
   260 | D        | Got the +2 rapier "Qegiffut" {elec, rF++ rN+ Str+5}
   289 | D        | Noticed an orc warrior
   289 | D        | Noticed a hornet
   299 | D        | Killed a hornet
   299 | D        | Reached skill level 7 in Long Blades
   299 | D        | Reached skill level 5 in Dodging
   299 | D        | Reached XP level 4. HP: 28/40 MP: 4/4
   299 | D        | Gained mutation: You have a pair of antennae on your head.
                  | [demonic ancestry]
   299 | D        | Reached XP level 5. HP: 32/46 MP: 5/5
   309 | D        | Killed an orc warrior
   309 | D        | Reached skill level 8 in Long Blades
   309 | D        | Reached skill level 5 in Armour
   309 | D        | Gained mutation: You are partially covered in sharp spines.
                  | [demonic ancestry]
   309 | D        | Reached XP level 6. HP: 22/53 MP: 6/6
   317 | D        | Reached *** piety under Cheibriados
   517 | D        | Noticed a centaur warrior
   521 | D        | Killed a centaur warrior
   521 | D        | Reached **** piety under Cheibriados
   521 | D        | Reached skill level 10 in Long Blades
   521 | D        | Reached XP level 7. HP: 48/63 MP: 7/7
   521 | D        | Gained mutation: You are mostly covered in large bone
                  | plates. (SH +6) [demonic ancestry]
   521 | D        | Reached XP level 8. HP: 52/69 MP: 8/8
   533 | D        | Reached ***** piety under Cheibriados
   550 | D        | Reached skill level 11 in Long Blades
   744 | D        | Noticed a komodo dragon
   744 | D        | Noticed a hippogriff
   744 | D        | Noticed a komodo dragon
   746 | D        | Noticed a six-headed hydra
   756 | D        | Killed a komodo dragon
   763 | D        | Killed a hippogriff
   768 | D        | Reached XP level 9. HP: 34/78 MP: 9/9
   773 | D        | Reached ****** piety under Cheibriados
   773 | D        | Reached skill level 12 in Long Blades
   782 | D        | Killed a komodo dragon
   786 | D        | Killed a six-headed hydra
   786 | D        | Reached skill level 10 in Fighting
   788 | D        | Reached skill level 13 in Long Blades
  1011 | D        | Noticed a komodo dragon
  1011 | D        | Noticed a komodo dragon
  1011 | D        | Noticed a catoblepas
  1020 | D        | Noticed a spiny frog
  1027 | D        | Killed a catoblepas
  1027 | D        | Reached skill level 10 in Dodging
  1027 | D        | Gained mutation: You are mostly covered in sharp spines.
                  | [demonic ancestry]
  1027 | D        | Reached XP level 10. HP: 50/87 MP: 10/10
  1037 | D        | Reached skill level 10 in Armour
  1042 | D        | Reached skill level 14 in Long Blades
  1045 | D        | Killed a spiny frog
  1356 | D        | Noticed a death yak
  1356 | D        | Noticed a death yak
  1356 | D        | Noticed a catoblepas
  1356 | D        | Noticed a death yak
  1356 | D        | Noticed a catoblepas
  1368 | D        | Killed a death yak
  1379 | D        | Slain by a catoblepas

Vault maps used:
D:        linesprint

Skill      XL: |  1  2  3  4  5  6  7  8  9 10 |
---------------+-------------------------------+-----
Long Blades    | 3 4 7 8 10 11 13 14 | 14.4
Dodging        | 3 5 6 7 8 10 | 10.8
Armour         | 1 2 4 5 7 8 9 10 | 10.4
Fighting       | 4 6 8 9 11 | 11.7
Stealth        | |  1.7

Action                   |  1- 3 |  4- 6 |  7- 9 | 10-12 || total
-------------------------+-------+-------+-------+-------++-------
Melee: Falchion          |    22 |       |       |       ||    22
       Rapier            |     7 |    22 |    68 |    36 ||   133
  Use: Potion            |     4 |     1 |     2 |     1 ||     8
       Scroll            |       |       |       |     1 ||     1
 Stab: Sleeping          |     1 |       |       |       ||     1
       Petrified         |       |       |       |     2 ||     2
Armor: Chain mail        |     6 |     5 |    16 |     4 ||    31
Dodge: Dodged            |    18 |    10 |    43 |     9 ||    80
Block: Other             |     3 |     6 |    14 |     4 ||    27
       Rpst.: Falchion   |     3 |       |       |       ||     3

Table legend:
 A = Non-vault XP
 B = Vault XP
 C = Vault XP percentage of total XP
 D = Non-vault monster count
 E = Vault monster count
 F = Vault count percentage of total count
                 A         B        C        D         E       F
            +---------+---------+-------+---------+---------+-------
      Total |       0 |    8221 | 100.0 |       0 |      41 | 100.0
            +---------+---------+-------+---------+---------+-------
          D |       0 |    8221 | 100.0 |       0 |      41 | 100.0
            +---------+---------+-------+---------+---------+-------
